 Dungeon Crawl Stone Soup version 0.31-a0-859-g9dce7d3444 (webtiles) character file.

Game seed: 10121715912418995141

507 Azuregosa the Conjurer (level 6, -12/53 HPs)
             Began as an Armataur Conjurer on Oct 9, 2023.
             Mangled by Duvessa
             ... wielding a +0 short sword
              (16 damage)
             ... on level 4 of the Dungeon.
             The game lasted 00:13:02 (2363 turns).

Azuregosa the Conjurer (Armataur Conjurer)          Turns: 2363, Time: 00:13:03

Health: -12/53     AC:  4    Str: 13    XL:     6   Next: 97%
Magic:  0/12       EV: 10    Int: 20    God:
Gold:   131        SH:  0    Dex: 14    Spells: 3/13 levels left

rFire   . . .        n - +0 whip (elec)
rCold   . . .        (no shield)
rNeg    . . .        a - +0 robe
rPois   .            (no helmet)
rElec   .            (no cloak)
rCorr   .            (no gloves)
SInv    .            (no barding)
Will    .....        (no amulet)
Stlth   ++           k - +6 ring of dexterity
HPRegen 0.28/turn    (no ring)
MPRegen 0.13/turn

%: roll
@: no status effects
A: large, rugged brown scales 3, deformed body, armoured tail, roll, long
tongue, awkward tongue
a: no special abilities


You were on level 4 of the Dungeon.
You visited 1 branch of the dungeon, and saw 5 of its levels.

You collected 131 gold pieces.

Inventory:

Hand Weapons
 h - a +3 dagger
 n - a +0 whip of electrocution (weapon)
 o - a +0 scythe of venom
Armour
 a - a +0 robe (worn)
Jewellery
 i - a ring of wizardry
 k - a +6 ring of dexterity (left hand)
Wands
 m - a wand of mindburst (15)
Scrolls
 d - a scroll of silence {unknown}
 f - a scroll of immolation {unknown}
 g - a scroll of fog {unknown}
 l - a scroll of enchant weapon {unknown}
 p - a scroll of teleportation {unknown}
 q - a scroll of identify {unknown}
Potions
 b - 3 potions of magic
 c - 3 potions of curing {unknown}
 e - 2 potions of enlightenment {unknown}
 j - 2 potions of mutation {unknown}


   Skills:
 + Level 2.6 Fighting
 - Level 1.3 Dodging
 - Level 2.1 Stealth
 + Level 4.2 Spellcasting
 + Level 5.5 Conjurations


You had 3 spell levels left.
You knew the following spells:

 Your Spells              Type           Power      Damage    Failure   Level
a - Magic Dart            Conj           100%       1d8       1%          1
b - Searing Ray           Conj           52%        2d6       1%          2
c - Dazzling Flash        Conj/Hex       30%        N/A       12%         3
d - Fulminant Prism       Conj/Hex       7%         3d6       36%         4

Your spell library contained the following spells:

 Spells                   Type           Power      Damage    Failure   Level
 Summon Small Mammal      Summ           16%        N/A       13%         1
 Ensorcelled Hibernation  Hex/Ice        8%         N/A       19%         2
 Passwall                 Tmut/Erth      3%         N/A       19%         2
 Call Canine Familiar     Summ           4%         N/A       36%         3
 Summon Guardian Golem    Hex/Summ       4%         N/A       36%         3
 Swiftness                Air            4%         N/A       36%         3
 Iskenderun's Mystic Bla  Conj/Tloc      15%        2d5       36%         4


Dungeon Overview and Level Annotations

Branches:
Dungeon (5/15)
 Temple: D:4-7

Altars:
Uskayaw

Annotations:
D:4 2 transporters, Duvessa


Innate Abilities, Weirdness & Mutations

You are completely covered in rugged brown scales. (AC +3, +7% HP)
Armour fits poorly on your strangely shaped body.
You have a long armoured tail.
You roll when moving toward enemies. (Rampage)
Your long tongue fully drains potion bottles. (2x potion effects)
Your tongue gives you trouble enunciating. (1.5x scroll delay)


Message History

The magic dart hits Dowan!
You kill Dowan!
Duvessa screams, "No!
How DARE you!"
Duvessa goes berserk!
Duvessa hits your fulminant prism with a +0 short sword.
Your fulminant prism detonates feebly.
Casting: Magic Dart (safe; 1% risk of failure)
Confirm with . or Enter, or press ? or * to list all spells.
Aiming: Magic Dart (safe; 1% risk of failure)
Press: ? - help, Shift-Dir - straight line, f - Duvessa
Aim: Duvessa, wielding a +0 short sword and wearing a +0 leather armour (berserk, 100% to hit)
The magic dart hits Duvessa but does no damage.
Casting: Magic Dart (safe; 1% risk of failure)
Confirm with . or Enter, or press ? or * to list all spells.
Aiming: Magic Dart (safe; 1% risk of failure)
Press: ? - help, Shift-Dir - straight line, f/p - Duvessa
Aim: Duvessa, wielding a +0 short sword and wearing a +0 leather armour (berserk, 100% to hit)
The magic dart hits Duvessa.
Duvessa is lightly wounded.
Duvessa hits you with a +0 short sword!
You hit Duvessa.
Duvessa is lightly wounded.
Duvessa hits you with a +0 short sword!
* * * LOW HITPOINT WARNING * * *
You barely miss Duvessa. You tail-slap Duvessa.
Duvessa is lightly wounded.
Duvessa hits you with a +0 short sword!
* * * LOW HITPOINT WARNING * * *
Duvessa barely misses you.
Casting: Magic Dart (safe; 1% risk of failure)
Confirm with . or Enter, or press ? or * to list all spells.
Aiming: Magic Dart (safe; 1% risk of failure)
Press: ? - help, Shift-Dir - straight line, f/p - Duvessa
Aim: Duvessa, wielding a +0 short sword and wearing a +0 leather armour (lightly wounded, berserk, 100% to hit)
The magic dart hits Duvessa.
Duvessa is moderately wounded.
Duvessa misses you.
Duvessa rages.
Duvessa hits you with a +0 short sword!
You die...

##### .....# ......###
#####
#...).############...##
#e@................
#####.#########.##.
#...### ###...#.
+.8...###...8...
#.............##
###....>....###
###.....### ##.8.##
###.....### ##


You could see Duvessa (berserk).

Vanquished Creatures
  Sigmund (D:4)
  An ogre (D:5)
  A phantom (D:4)
  Dowan (D:4)
  4 adders
  6 gnolls
  An ufetubus (D:5)
  3 worms (D:2)
  A dart slug (D:1)
  An orc (D:4)
  5 bats
  2 endoplasms
  A giant cockroach (D:3)
  A hobgoblin (D:2)
  3 kobolds
  3 quokkas
  3 ball pythons
  2 frilled lizards (D:2)
  A goblin (D:1)
  6 rats (D:2)
47 creatures vanquished.

Vanquished Creatures (others)
  3 fulminant prisms
3 creatures vanquished.

Grand Total: 50 creatures vanquished

Notes
Turn   | Place    | Note
-------+----------+-------------------------------------------
     0 | D:1      | Azuregosa the Armataur Conjurer began the quest for the
                  | Orb.
     0 | D:1      | Reached XP level 1. HP: 14/14 MP: 3/3
   458 | D:1      | Reached XP level 2. HP: 21/21 MP: 5/5
   697 | D:2      | Reached skill level 4 in Conjurations
   749 | D:2      | Reached XP level 3. HP: 27/27 MP: 3/6
   752 | D:2      | Learned a level 2 spell: Searing Ray
   756 | D:2      | Learned a level 3 spell: Dazzling Flash
  1252 | D:2      | Reached XP level 4. HP: 35/35 MP: 1/8
  1535 | D:2      | Found a hide-covered altar of Uskayaw.
  1870 | D:4      | Noticed Sigmund
  1883 | D:4      | Killed Sigmund
  1884 | D:4      | Reached skill level 1 in Fighting
  1884 | D:4      | Reached skill level 5 in Conjurations
  1884 | D:4      | Reached XP level 5. HP: 13/43 MP: 0/10
  1884 | D:4      | Reached XP level 6. HP: 15/51 MP: 0/11
  2066 | D:4      | Found a transporter.
  2068 | D:5      | Entered Level 5 of the Dungeon
  2071 | D:4      | Noticed a kobold demonologist
  2080 | D:4      | Found a transporter.
  2122 | D:4      | Learned a level 4 spell: Fulminant Prism
  2344 | D:4      | Noticed Dowan
  2353 | D:4      | Noticed Duvessa
  2357 | D:4      | Killed Dowan
  2363 | D:4      | Mangled by Duvessa

Illustrated notes

Levels and vault maps discovered:
D:1:      dpeg_arrival_simpleton_a, layout_basic
D:2:      layout_loops_ring, basic_altar, minmay_liquid_box,
          minmay_misc_feat_alley, kennysheep_crisscross, st_stairs_7,
          minivault_25
D:3:      layout_loops_ring, serial_shops, shop_fountains, st_stairs_7
D:4:      gammafunk_wand_slinger, layout_loops_ring,
          minmay_misc_feat_secret_circle, minmay_hedge_maze,
          grunt_ministairs_13, uniq_sigmund, uniq_duvessa, uniq_pikel
D:5:      layout_rooms, nicolae_sif_muna_little_library, minivault_1

Skill      XL: |  1  2  3  4  5  6 |
---------------+-------------------+-----
Spellcasting   | 2 3 4 |  4.2
Conjurations   | 4 5 |  5.5
Fighting       | 1 2 |  2.6
Dodging        | |  1.3
Stealth        | |  2.1

Action                     |  1- 3 |  4- 6 || total
---------------------------+-------+-------++-------
  Melee: Unarmed           |    21 |       ||    21
         Tailslap          |     5 |     7 ||    12
         Dagger            |    21 |    12 ||    33
         Whip              |       |    29 ||    29
         Punch             |       |     1 ||     1
   Cast: Magic Dart        |    41 |    48 ||    89
         Dazzling Flash    |       |     2 ||     2
         Searing Ray       |       |     1 ||     1
         Fulminant Prism   |       |     3 ||     3
   Stab: Sleeping          |     1 |     1 ||     2
 Armour: Robe              |    37 |    43 ||    80
  Dodge: Dodged            |    21 |    24 ||    45

Table legend: (Time is in decaauts)
 A = Elapsed time spent in this place.
 B = Non-inter-level travel time spent in this place.
 C = Inter-level travel time spent in this place.
 D = Time resting spent in this place.
 E = Time spent auto-exploring this place.
 F = Levels seen in this place.
 G = Mean time per level.
                   A        B        C        D        E       F      G
               +--------+--------+--------+--------+--------+-----+--------+
         Total |   2369 |   2324 |     45 |    353 |   1375 |   5 |  473.8 |
       Dungeon |   2369 |   2324 |     45 |    353 |   1375 |   5 |  473.8 |
               +--------+--------+--------+--------+--------+-----+--------+

Top non-repeatable levels by time:
     D:2: 1206 daAuts
     D:1: 493 daAuts
     D:4: 480 daAuts
     D:3: 175 daAuts
     D:5: 13 daAuts
